Spitfire vs Patriotes
Created - 11 mars 2014 at 19:19
Goals
|
| Spitfire |
1 |
1 |
1 |
3 |
| Patriotes |
0 |
3 |
1 |
4 |
|
Shots
|
| Spitfire |
8 |
8 |
12 |
28 |
| Patriotes |
8 |
13 |
14 |
35 |
|
1st period
1. Spitfire , Denis Shvidki 37 (Mathieu Roy, Erik Condra) at 11:26
Penalties :
Cory Emmerton (Nyc) for Cross-checking (Minor) at 3:26, Mathieu Roy (Val) for High sticking (Minor) at 13:48
2nd period
2. Patriotes , Brock Trotter 12 (A.J Thelen, Andreas Nodl) at 0:51
3. Patriotes , Cory Emmerton 21 (Andreas Nodl, T.J Galiardi) at 9:41
4. Spitfire , Paul Bissonnette 21 (Erik Condra, Peter Harrold) at 12:27
5. Patriotes , Jared Boll 17 (Liam Reddox) at 16:30
Penalties :
Peter Harrold (Val) for Slashing (Minor) at 2:49, Andrew Campbell (Val) for Hooking (Minor) at 6:08, Martin St. Pierre (Nyc) for Holding (Minor) at 17:58
3rd period
6. Patriotes , Andreas Nodl 41 (T.J Galiardi, A.J Thelen) at 2:08 (PP)
7. Spitfire , Tim Kennedy 24 (Kris Beech, Peter Harrold) at 5:52
Penalties :
Andrew Campbell (Val) for Tripping (Minor) at 1:31, Kris Beech (Val) for Tripping (Minor) at 3:40, Ryan Wilson (Nyc) for Diving (Minor) at 8:49
Goalie Stats
Yann Danis (Val), 31 saves from 35 shots - (0,886), L, 11-16-4, 59:11 minutes
Joey MacDonald (Nyc), 25 saves from 28 shots - (0,893), W, 17-17-6, 60:00 minutes
Players Stats for Spitfire
Player Name G A P +/- PIM S H SB GA TA FO MP PP MP PK MP
------------------------------------------------------------------------------------
Andrew Campbell 0 0 0 -2 4 0 0 1 0 0 0/0 8:54 0:00 0:00
Brad Staubitz 0 0 0 0 0 1 3 0 0 0 1/2 12:20 0:04 0:00
Danny Syvret 0 0 0 -1 0 1 0 0 0 0 0/0 19:43 2:47 3:21
Denis Shvidki 1 0 1 0 0 3 1 0 0 1 7/10 25:59 3:06 5:08
Eric Mestery 0 0 0 0 0 0 0 0 0 0 0/0 5:08 0:00 0:00
Erik Condra 0 2 2 1 0 4 1 1 0 0 1/2 19:23 2:48 2:04
Josh Brittain 0 0 0 0 0 0 0 0 0 0 0/0 0:00 0:00 0:00
Keaton Ellerby 0 0 0 -1 0 0 0 2 0 0 0/0 19:27 2:47 3:21
Kris Beech 0 1 1 0 2 2 2 2 0 1 14/30 25:28 3:06 3:39
MacGregor Sharp 0 0 0 0 0 1 0 0 1 0 3/8 17:32 2:47 0:19
Mathieu Roy 0 1 1 2 2 0 1 3 1 0 0/0 25:42 3:10 3:54
Matt Delahey 0 0 0 1 0 0 0 0 0 0 0/0 6:06 0:00 0:06
Michael Stone 0 0 0 -1 0 0 0 0 0 0 0/0 11:11 0:00 2:06
Patrick Davis 0 0 0 0 0 0 0 0 0 0 0/0 1:05 0:03 0:00
Paul Bissonnette 1 0 1 0 0 5 3 0 0 1 0/1 16:58 2:47 0:19
Peter Harrold 0 2 2 2 2 3 0 0 0 2 0/0 25:18 3:10 4:18
Radek Smolenak 0 0 0 0 0 0 0 0 1 0 0/0 11:27 0:00 2:05
Raymond Sawada 0 0 0 -1 0 2 0 1 0 0 1/2 10:19 0:04 0:00
Tim Kennedy 1 0 1 1 0 6 0 2 2 1 0/3 20:12 3:06 2:04
Tony Lucia 0 0 0 -1 0 0 0 2 0 0 0/0 9:10 0:00 1:28
Players Stats for Patriotes
Player Name G A P +/- PIM S H SB GA TA FO MP PP MP PK MP
------------------------------------------------------------------------------------
A.J Thelen 0 2 2 0 0 6 1 1 1 1 0/0 26:44 4:57 3:33
Andreas Nodl 1 2 3 1 0 5 2 0 2 0 0/1 17:53 3:52 1:38
Ben Guite 0 0 0 -1 0 3 3 0 1 0 3/5 23:29 4:41 3:04
Brett Skinner 0 0 0 0 0 1 3 1 0 0 0/0 26:44 4:57 3:33
Brock Trotter 1 0 1 -1 0 3 3 0 0 0 1/1 12:03 0:00 1:05
Cade Fairchild 0 0 0 0 0 0 0 0 0 0 0/0 3:42 0:00 0:00
Cory Emmerton 1 0 1 1 2 2 2 1 0 0 8/13 16:35 3:52 0:00
Davis Drewiske 0 0 0 -1 0 0 1 0 0 0 0/0 19:52 3:36 2:24
Fedor Fedorov 0 0 0 -1 0 1 3 1 0 2 0/0 21:40 4:41 1:38
James Wright 0 0 0 0 0 0 0 0 0 0 0/0 0:00 0:00 0:00
Jared Boll 1 0 1 1 0 2 1 0 0 1 0/0 8:11 0:00 1:20
Joe Charlebois 0 0 0 1 0 0 0 0 0 0 0/0 9:42 0:00 0:00
Lauri Tukonen 0 0 0 -1 0 3 0 0 0 0 0/0 10:52 0:02 0:00
Liam Reddox 0 1 1 1 0 0 2 0 0 0 0/0 6:25 0:00 0:00
Mario Bliznak 0 0 0 0 0 0 0 0 0 0 0/0 0:07 0:00 0:07
Martin St. Pierre 0 0 0 -1 2 1 4 0 0 0 2/5 10:33 0:00 0:00
Mathieu Brodeur 0 0 0 0 0 0 0 0 0 0 0/0 3:45 0:00 0:03
Matt Watkins 0 0 0 0 0 0 0 0 0 0 0/0 0:00 0:00 0:00
Nigel Williams 0 0 0 1 0 0 0 0 0 0 0/0 10:22 0:00 0:40
Ryan Potulny 0 0 0 0 0 0 0 0 0 0 0/0 0:00 0:00 0:00
Ryan White 0 0 0 1 0 1 1 0 0 0 1/3 6:25 0:00 0:00
Ryan Wilson 0 0 0 -1 2 1 0 2 0 1 0/0 19:34 3:36 1:41
T.J Galiardi 0 2 2 1 0 1 4 0 0 0 0/0 16:15 3:52 0:00
Zenon Konopka 0 0 0 -1 0 5 2 0 2 0 16/30 23:07 4:39 3:02
3 Stars
1 - Andreas Nodl (Nyc)
2 - T.J Galiardi (Nyc)
3 - Erik Condra (Val)
Power Play
Spitfire - 0 on 3 Attempt(s) - 0,00%
Patriotes - 1 on 5 Attempt(s) - 20,00%
Penalty Kill
Spitfire - 4 on 5 Attempt(s) - 80,00%
- Score 0 goal in Penalty Kill
Patriotes - 3 on 3 Attempt(s) - 100,00%
- Score 0 goal in Penalty Kill
Official
Referees : Jackson Dave and Hasenfratz Mike
Linesman : Michel Cormier and Brian Murphy
Game Notes
No Game Note
Finance
Level 1 -- Attendance: 1289 (64,45%) -- Ticket Income 45 115 $
Level 2 -- Attendance: 705 (70,50%) -- Ticket Income 10 575 $
Total Attendance: 1994 (66,47%)
Total Ticket Income: 55 690 $
Other Income: 2 784 $
Total Income: 58 474 $
Spitfire
5 vs 5 Forward
Center Left Wing Right Wing Time % Phy DF OF
1 Kris Beech Tim Kennedy Denis Shvidki 40 1 2 2
2 MacGregor Sharp Paul Bissonnette Erik Condra 30 1 2 2
3 Denis Shvidki Radek Smolenak Brad Staubitz 20 1 2 2
4 Kris Beech Tony Lucia Raymond Sawada 10 1 2 2
5 vs 5 Defense
Defense Defense Time % Phy DF OF
1 Mathieu Roy Peter Harrold 40 1 2 2
2 Keaton Ellerby Danny Syvret 30 1 2 2
3 Andrew Campbell Michael Stone 20 1 2 2
4 Matt Delahey Eric Mestery 10 1 2 2
PowerPlay Forward
Center Left Wing Right Wing Time % Phy DF OF
1 Kris Beech Tim Kennedy Denis Shvidki 60 1 2 2
2 MacGregor Sharp Paul Bissonnette Erik Condra 40 1 2 2
PowerPlay Defense
Defense Defense Time % Phy DF OF
1 Mathieu Roy Peter Harrold 60 1 2 2
2 Keaton Ellerby Danny Syvret 40 1 2 2
Penalty Kill 4 Players Forward
Center Wing Time % Phy DF OF
1 Denis Shvidki Kris Beech 60 1 2 2
2 Tim Kennedy Erik Condra 40 1 2 2
Penalty Kill 4 Players Defense
Defense Defense Time % Phy DF OF
1 Mathieu Roy Peter Harrold 60 1 2 2
2 Keaton Ellerby Danny Syvret 40 1 2 2
Penalty Kill - 3 Players Forward
Forward Time % Phy DF OF
1 Denis Shvidki 60 1 2 2
2 Kris Beech 40 1 2 2
Penalty Kill - 3 Players Defense
Defense Defense Time % Phy DF OF
1 Mathieu Roy Peter Harrold 60 1 2 2
2 Keaton Ellerby Danny Syvret 40 1 2 2
4 vs 4 Forward
Center Wing Time % Phy DF OF
1 Denis Shvidki Kris Beech 60 1 2 2
2 Tim Kennedy Erik Condra 40 1 2 2
4 vs 4 Defense
Defense Defense Time % Phy DF OF
1 Mathieu Roy Peter Harrold 60 1 2 2
2 Keaton Ellerby Danny Syvret 40 1 2 2
Last Minutes Offensive
Center Left Wing Right Wing Defense Defense
Kris Beech Tim Kennedy Denis Shvidki Mathieu Roy Peter Harrold
Last Minutes Defensive
Center Left Wing Right Wing Defense Defense
Kris Beech Tim Kennedy Denis Shvidki Mathieu Roy Peter Harrold
Goaltenders
Starting : Yann Danis
Backup : Todd Ford
Extra Forwards
Normal : Brad Staubitz, Raymond Sawada, Radek Smolenak - PP : Brad Staubitz, Raymond Sawada - PK : Radek Smolenak
Extra Defensemen
Normal : Andrew Campbell, Michael Stone, Matt Delahey - PP : Andrew Campbell - PK : Michael Stone, Matt Delahey
Penalty Shots
Denis Shvidki, Kris Beech, Tim Kennedy, Erik Condra, Brad Staubitz
Patriotes
5 vs 5 Forward
Center Left Wing Right Wing Time % Phy DF OF
1 Zenon Konopka Fedor Fedorov Ben Guite 40 1 2 2
2 Cory Emmerton T.J Galiardi Andreas Nodl 30 1 2 2
3 Martin St. Pierre Brock Trotter Lauri Tukonen 20 1 2 2
4 Ryan White Liam Reddox Jared Boll 10 1 2 2
5 vs 5 Defense
Defense Defense Time % Phy DF OF
1 A.J Thelen Brett Skinner 40 1 2 2
2 Davis Drewiske Ryan Wilson 30 1 2 2
3 Joe Charlebois Nigel Williams 20 1 2 2
4 Mathieu Brodeur Cade Fairchild 10 1 2 2
PowerPlay Forward
Center Left Wing Right Wing Time % Phy DF OF
1 Zenon Konopka Fedor Fedorov Ben Guite 60 1 2 2
2 Cory Emmerton T.J Galiardi Andreas Nodl 40 1 2 2
PowerPlay Defense
Defense Defense Time % Phy DF OF
1 A.J Thelen Brett Skinner 60 1 2 2
2 Davis Drewiske Ryan Wilson 40 1 2 2
Penalty Kill 4 Players Forward
Center Wing Time % Phy DF OF
1 Ben Guite Zenon Konopka 60 1 2 2
2 Andreas Nodl Fedor Fedorov 40 1 2 2
Penalty Kill 4 Players Defense
Defense Defense Time % Phy DF OF
1 A.J Thelen Brett Skinner 60 1 2 2
2 Davis Drewiske Ryan Wilson 40 1 2 2
Penalty Kill - 3 Players Forward
Forward Time % Phy DF OF
1 Ben Guite 60 1 2 2
2 Zenon Konopka 40 1 2 2
Penalty Kill - 3 Players Defense
Defense Defense Time % Phy DF OF
1 A.J Thelen Brett Skinner 60 1 2 2
2 Davis Drewiske Ryan Wilson 40 1 2 2
4 vs 4 Forward
Center Wing Time % Phy DF OF
1 Ben Guite Zenon Konopka 60 1 2 2
2 Andreas Nodl Fedor Fedorov 40 1 2 2
4 vs 4 Defense
Defense Defense Time % Phy DF OF
1 A.J Thelen Brett Skinner 60 1 2 2
2 Davis Drewiske Ryan Wilson 40 1 2 2
Last Minutes Offensive
Center Left Wing Right Wing Defense Defense
Zenon Konopka Fedor Fedorov Ben Guite A.J Thelen Brett Skinner
Last Minutes Defensive
Center Left Wing Right Wing Defense Defense
Zenon Konopka Fedor Fedorov Ben Guite A.J Thelen Brett Skinner
Goaltenders
Starting : Joey MacDonald
Backup : Jason Missiaen
Extra Forwards
Normal : Lauri Tukonen, Brock Trotter, Jared Boll - PP : Lauri Tukonen, Brock Trotter - PK : Jared Boll
Extra Defensemen
Normal : Joe Charlebois, Nigel Williams, Mathieu Brodeur - PP : Joe Charlebois - PK : Nigel Williams, Mathieu Brodeur
Penalty Shots
Ben Guite, Zenon Konopka, Andreas Nodl, Fedor Fedorov, Cory Emmerton
% Time on Ice - Spitfire
Lines # - Real PCT - Wanted PCT - Time Play
Normal Forward
1 - 28% - 40% - 12:36
2 - 37% - 30% - 16:14
3 - 18% - 20% - 7:46
4 - 17% - 10% - 7:42
Normal Defense
1 - 40% - 40% - 17:51
2 - 30% - 30% - 13:19
3 - 18% - 20% - 8:00
4 - 12% - 10% - 5:08
PP Forward
1 - 53% - 60% - 3:09
2 - 47% - 40% - 2:48
PP Defense
1 - 53% - 60% - 3:10
2 - 47% - 40% - 2:47
PK Forward
1 - 76% - 60% - 6:29
2 - 24% - 40% - 2:04
PK Defense
1 - 61% - 60% - 5:12
2 - 39% - 40% - 3:21
PK3 Forward
1 - 0% - 60%
2 - 0% - 40%
PK3 Defense
1 - 0% - 60%
2 - 0% - 40%
44 Forward
1 - 0% - 60%
2 - 0% - 40%
44 Defense
1 - 0% - 60%
2 - 0% - 40%
Last Minute Offensive - 1:12
Last Minute Defensive - 0:00
Total
Forward - 60:00
Defense - 60:00
|
% Time on Ice - Patriotes
Lines # - Real PCT - Wanted PCT - Time Play
Normal Forward
1 - 34% - 40% - 14:59
2 - 28% - 30% - 12:23
3 - 24% - 20% - 10:32
4 - 14% - 10% - 6:25
Normal Defense
1 - 41% - 40% - 18:14
2 - 31% - 30% - 13:52
3 - 19% - 20% - 8:31
4 - 8% - 10% - 3:42
PP Forward
1 - 55% - 60% - 4:41
2 - 45% - 40% - 3:52
PP Defense
1 - 58% - 60% - 4:57
2 - 42% - 40% - 3:36
PK Forward
1 - 73% - 60% - 4:19
2 - 27% - 40% - 1:38
PK Defense
1 - 60% - 60% - 3:33
2 - 40% - 40% - 2:24
PK3 Forward
1 - 0% - 60%
2 - 0% - 40%
PK3 Defense
1 - 0% - 60%
2 - 0% - 40%
44 Forward
1 - 0% - 60%
2 - 0% - 40%
44 Defense
1 - 0% - 60%
2 - 0% - 40%
Last Minute Offensive - 0:00
Last Minute Defensive - 1:11
Total
Forward - 60:00
Defense - 60:00
|
Play by Play
1st period
0:01 of 1st period - Kris Beech wins face-off versus Zenon Konopka in neutral zone.
0:04 of 1st period - Ben Guite is hit by Mathieu Roy and loses puck.
0:15 of 1st period - Wrist shot by Kris Beech.
0:15 of 1st period - Shot Misses the Net.
1:03 of 1st period - Off-side.
1:04 of 1st period - Kris Beech wins face-off versus Ryan White in neutral zone.
1:35 of 1st period - Snap shot by MacGregor Sharp.
1:35 of 1st period - Stopped by Joey MacDonald with a rebound.
1:37 of 1st period - Snap shot by Erik Condra.
1:37 of 1st period - Shot Misses the Net.
1:39 of 1st period - Snap shot by Erik Condra.
1:39 of 1st period - Deflect By Paul Bissonnette.
1:39 of 1st period - Shot Misses the Net.
1:39 of 1st period - Puck is out of play.
1:40 of 1st period - Kris Beech wins face-off versus Cory Emmerton in Patriotes zone.
1:51 of 1st period - Wrist shot by Kris Beech.
1:51 of 1st period - Shot Misses the Net.
3:14 of 1st period - Snap shot by Erik Condra.
3:14 of 1st period - Stopped by Joey MacDonald with a rebound.
3:16 of 1st period - Slapshot by Eric Mestery.
3:16 of 1st period - Shot Misses the Net.
3:18 of 1st period - Wrist shot by Paul Bissonnette.
3:18 of 1st period - Stopped by Joey MacDonald with a rebound.
3:20 of 1st period - Snap shot by Paul Bissonnette.
3:20 of 1st period - Stopped by Joey MacDonald with a rebound.
3:26 of 1st period - Minor Penalty to Cory Emmerton for Cross-checking.
3:27 of 1st period - Denis Shvidki wins face-off versus Ben Guite in Patriotes zone.
4:02 of 1st period - Wrist shot by Erik Condra.
4:02 of 1st period - Shot Misses the Net.
4:26 of 1st period - Brett Skinner is hit by Paul Bissonnette and loses puck.
5:26 of 1st period - Penalty to Cory Emmerton is over, Cory Emmerton is back on ice.
5:31 of 1st period - Davis Drewiske is hit by Brad Staubitz and loses puck.
5:57 of 1st period - Brad Staubitz is hit by Martin St. Pierre and loses puck.
6:13 of 1st period - Icing by Brock Trotter.
6:14 of 1st period - Kris Beech wins face-off versus Martin St. Pierre in Patriotes zone.
6:23 of 1st period - Snap shot by Brock Trotter.
6:23 of 1st period - Shot Blocked by Tim Kennedy.
7:41 of 1st period - Slapshot by Brock Trotter.
7:41 of 1st period - Stopped by Yann Danis with a rebound.
8:03 of 1st period - Fedor Fedorov is hit by Brad Staubitz.
8:52 of 1st period - Icing by MacGregor Sharp.
8:53 of 1st period - Cory Emmerton wins face-off versus Raymond Sawada in Spitfire zone.
8:54 of 1st period - Snap shot by Andreas Nodl.
8:54 of 1st period - Stopped by Yann Danis with a rebound.
8:56 of 1st period - Snap shot by Mathieu Brodeur.
8:56 of 1st period - Deflect By Cory Emmerton.
8:56 of 1st period - Shot Blocked by Raymond Sawada.
8:56 of 1st period - Puck is out of play.
8:57 of 1st period - Raymond Sawada wins face-off versus Cory Emmerton in Spitfire zone.
9:06 of 1st period - Snap shot by Tim Kennedy.
9:06 of 1st period - Stopped by Joey MacDonald with a rebound.
9:22 of 1st period - Ben Guite is hit by Erik Condra and loses puck.
9:29 of 1st period - Wrist shot by Erik Condra.
9:29 of 1st period - Stopped by Joey MacDonald without a rebound.
9:30 of 1st period - Zenon Konopka wins face-off versus Kris Beech in Patriotes zone.
9:41 of 1st period - Snap shot by Kris Beech.
9:41 of 1st period - Shot Misses the Net.
9:43 of 1st period - Slapshot by Kris Beech.
9:43 of 1st period - Stopped by Joey MacDonald without a rebound.
9:44 of 1st period - Kris Beech wins face-off versus Zenon Konopka in Patriotes zone.
10:20 of 1st period - Slapshot by Cory Emmerton.
10:20 of 1st period - Deflect By T.J Galiardi.
10:20 of 1st period - Shot Misses the Net.
10:20 of 1st period - Puck is out of play.
10:21 of 1st period - MacGregor Sharp wins face-off versus Cory Emmerton in Spitfire zone.
10:28 of 1st period - Wrist shot by Erik Condra.
10:28 of 1st period - Shot Misses the Net.
10:33 of 1st period - Off-side.
10:34 of 1st period - Zenon Konopka wins face-off versus Kris Beech in neutral zone.
10:37 of 1st period - Mathieu Roy is hit by Ben Guite and loses puck.
11:08 of 1st period - Snap shot by Andreas Nodl.
11:08 of 1st period - Shot Blocked by Erik Condra.
11:24 of 1st period - Slapshot by Erik Condra.
11:24 of 1st period - Shot Misses the Net.
11:26 of 1st period - Wrist shot by Mathieu Roy.
11:26 of 1st period - Deflect By Denis Shvidki.
11:26 of 1st period - Goal by Denis Shvidki - Spitfire : 1 - Patriotes : 0.
11:27 of 1st period - Zenon Konopka wins face-off versus Kris Beech in neutral zone.
11:30 of 1st period - Tim Kennedy is hit by Fedor Fedorov and loses puck.
11:35 of 1st period - Slapshot by Zenon Konopka.
11:35 of 1st period - Stopped by Yann Danis with a rebound.
11:37 of 1st period - Wrist shot by Zenon Konopka.
11:37 of 1st period - Stopped by Yann Danis without a rebound.
11:38 of 1st period - Kris Beech wins face-off versus Zenon Konopka in Spitfire zone.
11:53 of 1st period - Snap shot by Fedor Fedorov.
11:53 of 1st period - Shot Misses the Net.
12:05 of 1st period - Ryan Wilson is hit by Paul Bissonnette and loses puck.
12:13 of 1st period - Icing by Davis Drewiske.
12:14 of 1st period - Cory Emmerton wins face-off versus Kris Beech in Patriotes zone.
12:23 of 1st period - Slapshot by Andreas Nodl.
12:23 of 1st period - Shot Blocked by Keaton Ellerby.
12:57 of 1st period - Backhand shot by Denis Shvidki.
12:57 of 1st period - Shot Misses the Net.
12:59 of 1st period - Wrist shot by Radek Smolenak.
12:59 of 1st period - Shot Misses the Net.
13:33 of 1st period - Wrist shot by Martin St. Pierre.
13:33 of 1st period - Stopped by Yann Danis without a rebound.
13:34 of 1st period - Brock Trotter wins face-off versus Denis Shvidki in Spitfire zone.
13:45 of 1st period - Wrist shot by Lauri Tukonen.
13:45 of 1st period - Stopped by Yann Danis without a rebound.
13:46 of 1st period - Zenon Konopka wins face-off versus Kris Beech in Spitfire zone.
13:48 of 1st period - Minor Penalty to Mathieu Roy for High sticking.
13:49 of 1st period - Denis Shvidki wins face-off versus Zenon Konopka in Spitfire zone.
14:16 of 1st period - Off-side.
14:17 of 1st period - Denis Shvidki wins face-off versus Cory Emmerton in neutral zone.
15:48 of 1st period - Penalty to Mathieu Roy is over, Mathieu Roy is back on ice.
16:20 of 1st period - Wrist shot by Jared Boll.
16:20 of 1st period - Shot Misses the Net.
16:22 of 1st period - Snap shot by Jared Boll.
16:22 of 1st period - Stopped by Yann Danis with a rebound.
16:48 of 1st period - Slapshot by Raymond Sawada.
16:48 of 1st period - Shot Blocked by Cory Emmerton.
16:50 of 1st period - Slapshot by Danny Syvret.
16:50 of 1st period - Shot Misses the Net.
17:18 of 1st period - MacGregor Sharp is hit by A.J Thelen and loses puck.
19:20 of 1st period - Backhand shot by Andreas Nodl.
19:20 of 1st period - Stopped by Yann Danis with a rebound.
19:34 of 1st period - Denis Shvidki is hit by Liam Reddox and loses puck.
19:57 of 1st period - Kris Beech is hit by Brock Trotter.
Goals for this period are 1 for Spitfire vs 0 for Patriotes.
Shots for this period are 8 for Spitfire vs 8 for Patriotes.
2nd period
0:01 of 2nd period - Zenon Konopka wins face-off versus Kris Beech in neutral zone.
0:51 of 2nd period - Slapshot by Brock Trotter.
0:51 of 2nd period - Goal by Brock Trotter - Spitfire : 1 - Patriotes : 1.
0:52 of 2nd period - Zenon Konopka wins face-off versus Kris Beech in neutral zone.
1:40 of 2nd period - Slapshot by Andreas Nodl.
1:40 of 2nd period - Shot Misses the Net.
2:00 of 2nd period - Ryan White is hit by Kris Beech and loses puck.
2:07 of 2nd period - Peter Harrold is hit by Liam Reddox.
2:08 of 2nd period - Icing by Peter Harrold.
2:09 of 2nd period - Kris Beech wins face-off versus Zenon Konopka in Spitfire zone.
2:40 of 2nd period - Wrist shot by Erik Condra.
2:40 of 2nd period - Shot Blocked by Brett Skinner.
2:49 of 2nd period - Minor Penalty to Peter Harrold for Slashing.
2:50 of 2nd period - Zenon Konopka wins face-off versus Denis Shvidki in Spitfire zone.
2:50 of 2nd period - Slapshot by Ben Guite.
2:50 of 2nd period - Stopped by Yann Danis with a rebound.
2:52 of 2nd period - Snap shot by Ben Guite.
2:52 of 2nd period - Shot Blocked by Kris Beech.
2:56 of 2nd period - Snap shot by Zenon Konopka.
2:56 of 2nd period - Stopped by Yann Danis without a rebound.
2:57 of 2nd period - Zenon Konopka wins face-off versus Denis Shvidki in Spitfire zone.
3:04 of 2nd period - Snap shot by Zenon Konopka.
3:04 of 2nd period - Shot Hit the Post.
3:06 of 2nd period - Slapshot by Ryan Wilson.
3:06 of 2nd period - Stopped by Yann Danis without a rebound.
3:07 of 2nd period - Denis Shvidki wins face-off versus Zenon Konopka in Spitfire zone.
3:22 of 2nd period - Denis Shvidki is hit by Ben Guite and loses puck.
4:39 of 2nd period - Danny Syvret is hit by Ben Guite and loses puck.
4:49 of 2nd period - Penalty to Peter Harrold is over, Peter Harrold is back on ice.
5:27 of 2nd period - Slapshot by Brad Staubitz.
5:27 of 2nd period - Stopped by Joey MacDonald without a rebound.
5:28 of 2nd period - Cory Emmerton wins face-off versus MacGregor Sharp in Patriotes zone.
5:39 of 2nd period - Wrist shot by Andreas Nodl.
5:39 of 2nd period - Shot Blocked by Andrew Campbell.
5:41 of 2nd period - Slapshot by T.J Galiardi.
5:41 of 2nd period - Shot Misses the Net.
5:43 of 2nd period - Snap shot by Brett Skinner.
5:43 of 2nd period - Stopped by Yann Danis with a rebound.
6:08 of 2nd period - Minor Penalty to Andrew Campbell for Hooking.
6:09 of 2nd period - Denis Shvidki wins face-off versus Zenon Konopka in Spitfire zone.
6:47 of 2nd period - Tim Kennedy is hit by Cory Emmerton and loses puck.
7:23 of 2nd period - Icing by T.J Galiardi.
7:24 of 2nd period - Cory Emmerton wins face-off versus Erik Condra in Patriotes zone.
8:08 of 2nd period - Penalty to Andrew Campbell is over, Andrew Campbell is back on ice.
8:20 of 2nd period - MacGregor Sharp is hit by Brock Trotter and loses puck.
9:25 of 2nd period - Slapshot by A.J Thelen.
9:25 of 2nd period - Deflect By Danny Syvret.
9:25 of 2nd period - Stopped by Yann Danis with a rebound.
9:27 of 2nd period - Slapshot by Brett Skinner.
9:27 of 2nd period - Shot Misses the Net.
9:29 of 2nd period - Slapshot by Ben Guite.
9:29 of 2nd period - Stopped by Yann Danis with a rebound.
9:39 of 2nd period - Snap shot by Andreas Nodl.
9:39 of 2nd period - Stopped by Yann Danis with a rebound.
9:41 of 2nd period - Snap shot by Cory Emmerton.
9:41 of 2nd period - Goal by Cory Emmerton - Spitfire : 1 - Patriotes : 2.
9:42 of 2nd period - Ben Guite wins face-off versus Kris Beech in neutral zone.
9:47 of 2nd period - Snap shot by Zenon Konopka.
9:47 of 2nd period - Shot Misses the Net.
9:49 of 2nd period - Wrist shot by Fedor Fedorov.
9:49 of 2nd period - Shot Blocked by Mathieu Roy.
9:53 of 2nd period - Slapshot by Ben Guite.
9:53 of 2nd period - Shot Blocked by Kris Beech.
9:55 of 2nd period - Snap shot by Ben Guite.
9:55 of 2nd period - Shot Blocked by Tim Kennedy.
9:57 of 2nd period - Slapshot by A.J Thelen.
9:57 of 2nd period - Stopped by Yann Danis without a rebound.
9:58 of 2nd period - Cory Emmerton wins face-off versus Kris Beech in Spitfire zone.
10:48 of 2nd period - Denis Shvidki is hit by Martin St. Pierre.
11:08 of 2nd period - Snap shot by Jared Boll.
11:08 of 2nd period - Shot Blocked by Tony Lucia.
11:10 of 2nd period - Snap shot by Jared Boll.
11:10 of 2nd period - Shot Misses the Net.
12:16 of 2nd period - Snap shot by Zenon Konopka.
12:16 of 2nd period - Stopped by Yann Danis without a rebound.
12:17 of 2nd period - MacGregor Sharp wins face-off versus Zenon Konopka in Spitfire zone.
12:17 of 2nd period - MacGregor Sharp is hit by Fedor Fedorov.
12:25 of 2nd period - Snap shot by Erik Condra.
12:25 of 2nd period - Stopped by Joey MacDonald with a rebound.
12:27 of 2nd period - Wrist shot by Paul Bissonnette.
12:27 of 2nd period - Goal by Paul Bissonnette - Spitfire : 2 - Patriotes : 2.
12:28 of 2nd period - Zenon Konopka wins face-off versus Tim Kennedy in neutral zone.
12:53 of 2nd period - Mathieu Roy is hit by Andreas Nodl and loses puck.
13:19 of 2nd period - Snap shot by Raymond Sawada.
13:19 of 2nd period - Stopped by Joey MacDonald with a rebound.
13:21 of 2nd period - Wrist shot by Raymond Sawada.
13:21 of 2nd period - Shot Misses the Net.
13:33 of 2nd period - Snap shot by T.J Galiardi.
13:33 of 2nd period - Shot Misses the Net.
13:54 of 2nd period - Off-side.
13:55 of 2nd period - Kris Beech wins face-off versus Zenon Konopka in neutral zone.
13:58 of 2nd period - Wrist shot by Denis Shvidki.
13:58 of 2nd period - Deflect By Tim Kennedy.
13:58 of 2nd period - Stopped by Joey MacDonald with a rebound.
14:00 of 2nd period - Wrist shot by Tim Kennedy.
14:00 of 2nd period - Stopped by Joey MacDonald without a rebound.
14:01 of 2nd period - Zenon Konopka wins face-off versus Kris Beech in Patriotes zone.
14:01 of 2nd period - A.J Thelen is hit by Denis Shvidki.
14:07 of 2nd period - Snap shot by Denis Shvidki.
14:07 of 2nd period - Shot Misses the Net.
14:51 of 2nd period - Wrist shot by Kris Beech.
14:51 of 2nd period - Shot Misses the Net.
15:21 of 2nd period - Slapshot by A.J Thelen.
15:21 of 2nd period - Deflect By Ben Guite.
15:21 of 2nd period - Shot Misses the Net.
15:21 of 2nd period - Puck is out of play.
15:22 of 2nd period - Erik Condra wins face-off versus Andreas Nodl in Spitfire zone.
15:33 of 2nd period - Snap shot by Andreas Nodl.
15:33 of 2nd period - Stopped by Yann Danis without a rebound.
15:34 of 2nd period - Cory Emmerton wins face-off versus MacGregor Sharp in Spitfire zone.
16:01 of 2nd period - Raymond Sawada is hit by Martin St. Pierre and loses puck.
16:30 of 2nd period - Wrist shot by Jared Boll.
16:30 of 2nd period - Goal by Jared Boll - Spitfire : 2 - Patriotes : 3.
16:31 of 2nd period - Zenon Konopka wins face-off versus Tim Kennedy in neutral zone.
17:30 of 2nd period - Slapshot by Paul Bissonnette.
17:30 of 2nd period - Stopped by Joey MacDonald with a rebound.
17:46 of 2nd period - Slapshot by Mathieu Roy.
17:46 of 2nd period - Deflect By Kris Beech.
17:46 of 2nd period - Shot Misses the Net.
17:46 of 2nd period - Puck is out of play.
17:47 of 2nd period - Kris Beech wins face-off versus Martin St. Pierre in Patriotes zone.
17:56 of 2nd period - Slapshot by Peter Harrold.
17:56 of 2nd period - Stopped by Joey MacDonald with a rebound.
17:58 of 2nd period - Minor Penalty to Martin St. Pierre for Holding.
17:59 of 2nd period - Ben Guite wins face-off versus Kris Beech in Patriotes zone.
18:07 of 2nd period - Off-side.
18:08 of 2nd period - Kris Beech wins face-off versus Ben Guite in neutral zone.
19:58 of 2nd period - Penalty to Martin St. Pierre is over, Martin St. Pierre is back on ice.
Goals for this period are 1 for Spitfire vs 3 for Patriotes.
Shots for this period are 8 for Spitfire vs 13 for Patriotes.
3rd period
0:01 of 3rd period - Zenon Konopka wins face-off versus Kris Beech in neutral zone.
0:10 of 3rd period - Slapshot by Zenon Konopka.
0:10 of 3rd period - Stopped by Yann Danis without a rebound.
0:11 of 3rd period - Kris Beech wins face-off versus Zenon Konopka in Spitfire zone.
0:20 of 3rd period - Wrist shot by Denis Shvidki.
0:20 of 3rd period - Shot Blocked by Fedor Fedorov.
0:40 of 3rd period - Wrist shot by Lauri Tukonen.
0:40 of 3rd period - Stopped by Yann Danis without a rebound.
0:41 of 3rd period - Martin St. Pierre wins face-off versus Paul Bissonnette in Spitfire zone.
0:44 of 3rd period - Snap shot by Lauri Tukonen.
0:44 of 3rd period - Shot Misses the Net.
1:06 of 3rd period - Wrist shot by Kris Beech.
1:06 of 3rd period - Shot Misses the Net.
1:26 of 3rd period - Michael Stone is hit by Brock Trotter.
1:31 of 3rd period - Minor Penalty to Andrew Campbell for Tripping.
1:32 of 3rd period - Kris Beech wins face-off versus Zenon Konopka in Spitfire zone.
1:44 of 3rd period - Wrist shot by A.J Thelen.
1:44 of 3rd period - Stopped by Yann Danis with a rebound.
2:04 of 3rd period - Wrist shot by Andreas Nodl.
2:04 of 3rd period - Shot Blocked by Mathieu Roy.
2:06 of 3rd period - Slapshot by A.J Thelen.
2:06 of 3rd period - Shot Blocked by Mathieu Roy.
2:08 of 3rd period - Snap shot by T.J Galiardi.
2:08 of 3rd period - Deflect By Andreas Nodl.
2:08 of 3rd period - Goal by Andreas Nodl - Spitfire : 2 - Patriotes : 4.
2:09 of 3rd period - Zenon Konopka wins face-off versus Kris Beech in neutral zone.
2:15 of 3rd period - Kris Beech is hit by Brett Skinner and loses puck.
2:54 of 3rd period - Wrist shot by Kris Beech.
2:54 of 3rd period - Stopped by Joey MacDonald without a rebound.
2:55 of 3rd period - Kris Beech wins face-off versus Zenon Konopka in Patriotes zone.
3:20 of 3rd period - Slapshot by Erik Condra.
3:20 of 3rd period - Stopped by Joey MacDonald without a rebound.
3:21 of 3rd period - Martin St. Pierre wins face-off versus MacGregor Sharp in Patriotes zone.
3:21 of 3rd period - Martin St. Pierre is hit by Paul Bissonnette.
3:27 of 3rd period - Slapshot by A.J Thelen.
3:27 of 3rd period - Stopped by Yann Danis with a rebound.
3:33 of 3rd period - Backhand shot by A.J Thelen.
3:33 of 3rd period - Stopped by Yann Danis with a rebound.
3:35 of 3rd period - Snap shot by Lauri Tukonen.
3:35 of 3rd period - Deflect By Martin St. Pierre.
3:35 of 3rd period - Shot Misses the Net.
3:35 of 3rd period - Puck is out of play.
3:36 of 3rd period - Zenon Konopka wins face-off versus Kris Beech in Spitfire zone.
3:40 of 3rd period - Minor Penalty to Kris Beech for Tripping.
3:41 of 3rd period - Denis Shvidki wins face-off versus Zenon Konopka in Spitfire zone.
3:49 of 3rd period - Wrist shot by Ben Guite.
3:49 of 3rd period - Stopped by Yann Danis with a rebound.
4:07 of 3rd period - Peter Harrold is hit by T.J Galiardi and loses puck.
4:35 of 3rd period - Tony Lucia is hit by T.J Galiardi and loses puck.
5:01 of 3rd period - Slapshot by A.J Thelen.
5:01 of 3rd period - Shot Blocked by Keaton Ellerby.
5:15 of 3rd period - Mathieu Roy is hit by Zenon Konopka and loses puck.
5:22 of 3rd period - Wrist shot by Ben Guite.
5:22 of 3rd period - Shot Misses the Net.
5:40 of 3rd period - Penalty to Kris Beech is over, Kris Beech is back on ice.
5:52 of 3rd period - Slapshot by Tim Kennedy.
5:52 of 3rd period - Goal by Tim Kennedy - Spitfire : 3 - Patriotes : 4.
5:53 of 3rd period - MacGregor Sharp wins face-off versus Zenon Konopka in neutral zone.
6:04 of 3rd period - Off-side.
6:05 of 3rd period - Zenon Konopka wins face-off versus Kris Beech in neutral zone.
6:30 of 3rd period - Denis Shvidki is hit by Martin St. Pierre and loses puck.
6:37 of 3rd period - Snap shot by Lauri Tukonen.
6:37 of 3rd period - Shot Misses the Net.
6:41 of 3rd period - Snap shot by Brock Trotter.
6:41 of 3rd period - Deflect By Lauri Tukonen.
6:41 of 3rd period - Stopped by Yann Danis with a rebound.
6:43 of 3rd period - Snap shot by Brock Trotter.
6:43 of 3rd period - Stopped by Yann Danis with a rebound.
6:57 of 3rd period - MacGregor Sharp is hit by Cory Emmerton and loses puck.
7:02 of 3rd period - Snap shot by Cory Emmerton.
7:02 of 3rd period - Shot Misses the Net.
7:14 of 3rd period - Slapshot by Peter Harrold.
7:14 of 3rd period - Stopped by Joey MacDonald without a rebound.
7:15 of 3rd period - Ryan White wins face-off versus Brad Staubitz in Patriotes zone.
7:29 of 3rd period - Slapshot by Danny Syvret.
7:29 of 3rd period - Stopped by Joey MacDonald with a rebound.
7:31 of 3rd period - Wrist shot by Raymond Sawada.
7:31 of 3rd period - Stopped by Joey MacDonald without a rebound.
7:32 of 3rd period - Zenon Konopka wins face-off versus MacGregor Sharp in Patriotes zone.
7:39 of 3rd period - Slapshot by Fedor Fedorov.
7:39 of 3rd period - Shot Misses the Net.
7:48 of 3rd period - Off-side.
7:49 of 3rd period - Cory Emmerton wins face-off versus Kris Beech in neutral zone.
8:06 of 3rd period - Tim Kennedy is hit by Brett Skinner and loses puck.
8:29 of 3rd period - Wrist shot by Paul Bissonnette.
8:29 of 3rd period - Stopped by Joey MacDonald without a rebound.
8:30 of 3rd period - Denis Shvidki wins face-off versus Martin St. Pierre in Patriotes zone.
8:30 of 3rd period - Peter Harrold is hit by Davis Drewiske and loses puck.
8:37 of 3rd period - Wrist shot by Brad Staubitz.
8:37 of 3rd period - Shot Misses the Net.
8:39 of 3rd period - Wrist shot by Brad Staubitz.
8:39 of 3rd period - Shot Blocked by Ryan Wilson.
8:41 of 3rd period - Snap shot by Brad Staubitz.
8:41 of 3rd period - Shot Misses the Net.
8:43 of 3rd period - Wrist shot by Peter Harrold.
8:43 of 3rd period - Shot Blocked by Ryan Wilson.
8:49 of 3rd period - Minor Penalty to Ryan Wilson for Diving.
8:50 of 3rd period - Ben Guite wins face-off versus Tim Kennedy in Patriotes zone.
8:50 of 3rd period - Ben Guite is hit by Kris Beech.
9:02 of 3rd period - Slapshot by Kris Beech.
9:02 of 3rd period - Deflect By Denis Shvidki.
9:02 of 3rd period - Stopped by Joey MacDonald with a rebound.
9:04 of 3rd period - Slapshot by Denis Shvidki.
9:04 of 3rd period - Stopped by Joey MacDonald with a rebound.
9:06 of 3rd period - Slapshot by Mathieu Roy.
9:06 of 3rd period - Shot Blocked by A.J Thelen.
10:16 of 3rd period - Erik Condra is hit by Brett Skinner and loses puck.
10:43 of 3rd period - Peter Harrold is hit by Jared Boll and loses puck.
10:49 of 3rd period - Penalty to Ryan Wilson is over, Ryan Wilson is back on ice.
12:31 of 3rd period - Kris Beech is hit by Ryan White and loses puck.
12:50 of 3rd period - Keaton Ellerby is hit by Andreas Nodl and loses puck.
13:20 of 3rd period - Peter Harrold is hit by T.J Galiardi and loses puck.
14:32 of 3rd period - Snap shot by Jared Boll.
14:32 of 3rd period - Deflect By Tony Lucia.
14:32 of 3rd period - Shot Blocked by Tony Lucia.
14:32 of 3rd period - Puck is out of play.
14:33 of 3rd period - Brad Staubitz wins face-off versus Ryan White in Spitfire zone.
14:52 of 3rd period - Slapshot by T.J Galiardi.
14:52 of 3rd period - Stopped by Yann Danis with a rebound.
14:54 of 3rd period - Wrist shot by Cory Emmerton.
14:54 of 3rd period - Stopped by Yann Danis with a rebound.
14:56 of 3rd period - Snap shot by Andreas Nodl.
14:56 of 3rd period - Shot Misses the Net.
15:32 of 3rd period - Jared Boll is hit by Brad Staubitz and loses puck.
15:45 of 3rd period - Snap shot by Ryan White.
15:45 of 3rd period - Stopped by Yann Danis with a rebound.
16:40 of 3rd period - Snap shot by Andreas Nodl.
16:40 of 3rd period - Shot Misses the Net.
16:42 of 3rd period - Slapshot by A.J Thelen.
16:42 of 3rd period - Stopped by Yann Danis without a rebound.
16:43 of 3rd period - Kris Beech wins face-off versus Cory Emmerton in Spitfire zone.
16:50 of 3rd period - Snap shot by Tim Kennedy.
16:50 of 3rd period - Stopped by Joey MacDonald with a rebound.
17:11 of 3rd period - Wrist shot by Fedor Fedorov.
17:11 of 3rd period - Stopped by Yann Danis with a rebound.
17:34 of 3rd period - Icing by A.J Thelen.
17:35 of 3rd period - Cory Emmerton wins face-off versus MacGregor Sharp in Patriotes zone.
18:09 of 3rd period - Danny Syvret is hit by Fedor Fedorov.
18:25 of 3rd period - Keaton Ellerby is hit by T.J Galiardi and loses puck.
18:54 of 3rd period - Kris Beech is hit by Zenon Konopka and loses puck.
19:11 of 3rd period - Spitfire, Yann Danis is pulled from the net.
19:35 of 3rd period - Slapshot by Peter Harrold.
19:35 of 3rd period - Stopped by Joey MacDonald with a rebound.
19:39 of 3rd period - Wrist shot by Tim Kennedy.
19:39 of 3rd period - Shot Hit the Post.
19:59 of 3rd period - Snap shot by Tim Kennedy.
19:59 of 3rd period - Deflect By Zenon Konopka.
19:59 of 3rd period - Stopped by Joey MacDonald without a rebound.
Goals for this period are 1 for Spitfire vs 1 for Patriotes.
Shots for this period are 12 for Spitfire vs 14 for Patriotes.
Output by the SimonT Hockey Simulator (STHS) for François Prévost -- Original Page W3C XHTML 1.0 Valid